 Dungeon Crawl Stone Soup version 0.27-a0-1189-gb8eb6cee8e (webtiles) character file.

Game seed: 6172013985786076484

33754 funkygono the Arsonist (level 13, -5/71 HPs)
             Began as a Gargoyle Fire Elementalist on May 22, 2021.
             Was an Elder of Vehumet.
             Slain by a swamp dragon (7 damage)
             ... on level 4 of the Lair of Beasts.
             The game lasted 00:46:12 (22656 turns).

funkygono the Arsonist (GrFE)                      Turns: 22656, Time: 00:46:13

Health: -5/71      AC: 19    Str: 13    XL:     13   Next: 73%
Magic:  37/38      EV: 16    Int: 20    God:    Vehumet [****..]
Gold:   824        SH:  0    Dex: 10    Spells: 14/36 levels left

rFire    . . .     SeeInvis .   z - +3 mace (vorpal)
rCold    . . .     Faith    .   (no shield)
rNeg     + . .     Spirit   .   f - +2 troll leather armour {Snorg}
rPois    ∞         Reflect  .   (no helmet)
rElec    +         Harm     .   w - +1 cloak
rCorr    .         Rampage  .   (no gloves)
Will     .....                  B - +0 pair of boots
Stlth    ++........             j - amulet of regeneration
HPRegen  2.21/turn              e - +4 ring of evasion
MPRegen  0.26/turn              p - ring of magical power

@: about to teleport
A: sickness immunity, AC +9, negative energy resistance 1, electricity
resistance, torment resistance 1, petrification resistance
a: Renounce Religion


You were on level 4 of the Lair of Beasts.
You worshipped Vehumet.
Vehumet was greatly pleased with you.
You visited 3 branches of the dungeon, and saw 18 of its levels.

You collected 994 gold pieces.
You spent 170 gold pieces at shops.

Inventory:

Hand Weapons
 k - a +3 flail of holy wrath
 z - a +3 vorpal mace (weapon)
Armour
 f - a +2 troll leather armour (worn) {Snorg}
 w - a +1 cloak (worn)
 B - a +0 pair of boots (worn)
Magical Staves
 u - a staff of conjuration
Jewellery
 e - a +4 ring of evasion (left hand)
 j - an amulet of regeneration (around neck)
 p - a ring of magical power (right hand)
Wands
 c - a wand of acid (7)
 l - a wand of mindburst (36)
 n - a wand of polymorph (8)
 o - a wand of paralysis (19)
 s - a wand of flame (101)
 x - a wand of iceblast (36)
 H - a wand of digging (17)
Scrolls
 h - 2 scrolls of amnesia
 m - a scroll of teleportation
 v - 6 scrolls of fog
 y - 2 scrolls of fear
 D - a scroll of magic mapping
Potions
 a - a potion of berserk rage {unknown}
 b - 11 potions of curing
 d - 2 potions of haste
 g - 3 potions of might
 i - a potion of magic {unknown}
 q - a potion of brilliance
 r - 2 potions of ambrosia {unknown}
 t - 2 potions of invisibility {unknown}
 A - 2 potions of lignification {unknown}
 K - a potion of attraction {unknown}
 L - 2 potions of resistance {unknown}


   Skills:
 + Level 4.3 Fighting
 + Level 5.5 Maces & Flails
 + Level 3.5 Armour
 + Level 4.7 Dodging
 - Level 2.1 Stealth
 + Level 0.2 Unarmed Combat
 + Level 12.0 Spellcasting
 + Level 12.2 Conjurations
 + Level 12.2 Fire Magic
 * Level 3.1 Earth Magic
 + Level 0.5 Poison Magic


You had 14 spell levels left.
You knew the following spells:

 Your Spells              Type           Power      Damage    Failure   Level
a - Foxfire               Conj/Fire      100%       2x1d9     1%          1
b - Conjure Flame         Conj/Fire      57%        6-21      1%          3
c - Sticky Flame          Conj/Fire      57%        2d7       1%          4
d - Fireball              Conj/Fire      28%        3d12      1%          5
e - Magic Dart            Conj           100%       1d8       1%          1
f - Mephitic Cloud        Conj/Pois/Air  29%        N/A       1%          3
g - Lee's Rapid Deconstr  Erth           12%        3d9*      14%         5

Your spell library contained the following spells:

 Spells                   Type           Power      Damage    Failure   Level
 Freeze                   Ice            48%        1d7       1%          1
 Dazzling Flash           Conj/Hex       72%        N/A       1%          3
 Inner Flame              Hex/Fire       36%        N/A       1%          3
 Hailstorm                Conj/Ice       36%        3d9       1%          4
 Frozen Ramparts          Ice            24%        1d4       5%          3
 Corona                   Hex            13%        N/A       7%          1
 Summon Small Mammal      Summ           48%        N/A       7%          1
 Call Imp                 Summ           12%        N/A       11%         2
 Ensorcelled Hibernation  Hex/Ice        24%        N/A       11%         2
 Call Canine Familiar     Summ           12%        N/A       21%         3
 Confusing Touch          Hex            12%        N/A       21%         3
 Ozocubu's Armour         Ice            12%        N/A       21%         3
 Summon Guardian Golem    Hex/Summ       12%        N/A       21%         3
 Tukima's Dance           Hex            12%        N/A       21%         3
 Yara's Violent Unravell  Hex/Tmut       6%         3d5       41%         5
 Cause Fear               Hex            6%         N/A       56%         4
 Summon Ice Beast         Ice/Summ       12%        N/A       56%         4
 Summon Lightning Spire   Summ/Air       12%        N/A       56%         4
 Metabolic Englaciation   Hex/Ice        6%         N/A       88%         5
 Silence                  Hex/Air        6%         N/A       88%         5
 Discord                  Hex            6%         N/A       100%        8


Dungeon Overview and Level Annotations

Branches:
Dungeon (13/15)            Temple (1/1) D:7            Lair (4/6) D:11
  Swamp (0/4) Lair:2       Spider (0/4) Lair:3          Orc (0/2) D:10
 Vaults: D:13-14

Altars:
Ashenzari
Cheibriados
Dithmenos
Elyvilon
Fedhas
Gozag
Hepliaklqana
Kikubaaqudgha
Makhleb
Nemelex Xobeh
Okawaru
Qazlal
Ru
Sif Muna
Trog
Uskayaw
Vehumet
Wu Jian
Xom
Yredelemnul
Zin
The Shining One
Beogh

Shops:
D:5 ?

Annotations:
D:8 2 transporters
Lair:4 2 transporters, Womee's ghost, journeyman FeBe


Innate Abilities, Weirdness & Mutations

You are immune to sickness and miasma.
Your stone body is resilient. (AC +9)
You are immune to poison.
You resist negative energy. (rN+)
You are resistant to electric shocks. (rElec)
You are resistant to unholy torment.
You are immune to petrification.


Message History

The four-headed hydra misses you. The swamp drake breathes poison at you.
The noxious blast engulfs the four-headed hydra but does no damage.
The four-headed hydra bites you.
The four-headed hydra barely misses you.
The four-headed hydra completely misses you.
The four-headed hydra bites you.
The goliath frog seems less confused.
The swamp drake breathes poison at you.
The noxious blast engulfs you but does no damage.
You resist.
The swamp dragon breathes poison at you.
The blast of poison engulfs you but does no damage.
You resist.
Casting: Foxfire (safe; 1% risk of failure)
Confirm with . or Enter, or press ? or * to list all spells.
You conjure some foxfire!
The four-headed hydra bites you. The four-headed hydra bites you!
The four-headed hydra bites you. The four-headed hydra misses you.
The swamp dragon bites you!
The swamp dragon claws you but does no damage.
The swamp dragon tramples you!
You hold your ground!
Press: ? - help, v - describe, . - travel
Here: a goliath frog The floor.
As you read the scroll of teleportation, it crumbles to dust.
You feel strangely unstable.
The foxfire hits the four-headed hydra.
The four-headed hydra is lightly wounded.
The foxfire hits the goliath frog!
The goliath frog is moderately wounded.
The goliath frog hits you from afar!
* * * LOW HITPOINT WARNING * * *
You are splashed with acid.
* * * LOW HITPOINT WARNING * * *
The four-headed hydra misses you.
The four-headed hydra bites you but does no damage.
The four-headed hydra barely misses you.
The four-headed hydra bites you.
* * * LOW HITPOINT WARNING * * *
The swamp dragon bites you!
You die...

#≈(≈≈#≈#≈≈#.........#.........##
≈≈.≈≈≈≈#≈≈≈...#####.#..........##
#≈≈≈.≈≈≈≈≈≈..## #.............#
≈≈..#≈≈≈#≈..^# ###.<........##
≈≈.≈≈≈≈#≈#≈.### #...........#
≈≈≈≈..##≈#≈≈# ### #.......)..##
#≈≈≈≈.≈#≈≈≈≈####§####..(........#
≈≈#≈≈≈≈≈≈≈#.....#☼##.#.......PP##
≈(≈.≈≈≈≈#≈≈...FD@☼☼..#.........##
≈#.≈≈#≈≈≈≈≈...kD☼☼§..............
≈≈≈P#≈≈P.≈#....☼°☼...............
.≈≈P...≈.≈≈.....P................
.≈.≈#..P.P≈......................
≈.≈≈#.≈≈P..........<...........##
≈..#†≈≈≈..≈.....#...###.......###
≈#.≈.≈≈≈≈≈#.....#..[##.###...###.
≈≈≈.≈#≈≈≈≈≈.....#......##........


You could see a four-headed hydra, a swamp dragon (corroded), a goliath frog and
a swamp drake.

Vanquished Creatures
  Snorg (Lair:3)
  5 hydras
  2 catoblepae
  2 boulder beetles
  A two-headed ogre (D:9)
  3 death yaks (Lair:4)
  An oklob plant (Lair:1)
  An ugly thing (D:11)
  An elephant (D:11)
  A cyclops (D:12)
  2 black mambas
  6 cane toads
  An unseen horror (D:11)
  2 rime drakes
  10 komodo dragons
  2 trolls
  A hornet (D:9)
  3 blink frogs (Lair:2)
  A meliai zombie (D:10)
  A vampire (D:10)
  A wraith (D:11)
  41 yaks
  3 redbacks (Lair:3)
  3 wyverns
  2 basilisks
  A steam dragon (D:8)
  3 vampire mosquitoes
  3 swamp worms (Lair:4)
  7 water moccasins
  An ice beast (D:4)
  2 orc warriors
  A sky beast (D:7)
  2 black bears
  2 necrophages
  2 ogres
  11 centaurs
  20 wolves
  A phantom (D:4)
  4 kobold brigands
  9 bullfrogs
  4 scorpions
  A wyvern zombie (D:7)
  12 killer bees
  3 wights (D:8)
  A water moccasin skeleton (D:7)
  4 howler monkeys
  6 electric eels
  4 centaur zombies
  A hound (D:6)
  A jelly (D:6)
  6 orc priests
  Ijyb (D:3)
  An iguana (D:5)
  7 orc wizards
  Terence (D:3)
  A killer bee zombie (D:5)
  A hound skeleton (D:4)
  2 howler monkey zombies (D:7)
  A howler monkey skeleton (D:5)
  5 adders
  3 gnolls (D:7)
  2 shadow imps (D:6)
  A white imp (D:7)
  An ufetubus (D:4)
  4 worms
  3 dart slugs
  27 orcs
  6 ball pythons
  4 endoplasms
  3 giant cockroaches
  14 goblins
  14 hobgoblins
  13 jackals
  2 quokkas
  4 bats
  4 frilled lizards
  27 kobolds
  8 rats
369 creatures vanquished.

Vanquished Creatures (collateral kills)
  10 foxfires
10 creatures vanquished.

Vanquished Creatures (others)
  1753 foxfires
  31 fungi
  77 plants
1861 creatures vanquished.

Grand Total: 2240 creatures vanquished

Notes
Turn   | Place    | Note
-------+----------+-------------------------------------------
     0 | D:1      | funkygono the Gargoyle Fire Elementalist began the quest
                  | for the Orb.
     0 | D:1      | Reached XP level 1. HP: 10/10 MP: 3/3
   255 | D:1      | Reached XP level 2. HP: 15/15 MP: 3/5
  1051 | D:1      | Found a faded altar of an unknown god.
  1061 | D:1      | Reached XP level 3. HP: 19/19 MP: 1/6
  1329 | D:1      | Learned a level 3 spell: Conjure Flame
  1859 | D:2      | Reached XP level 4. HP: 24/24 MP: 1/7
  1920 | D:2      | Learned a level 4 spell: Sticky Flame
  2869 | D:3      | Found an iron altar of Okawaru.
  2904 | D:3      | Noticed Terence
  2938 | D:3      | Killed Terence
  3116 | D:3      | Found a sparkling altar of Nemelex Xobeh.
  3352 | D:3      | Reached XP level 5. HP: 28/28 MP: 6/9
  3692 | D:3      | Noticed Ijyb
  3698 | D:3      | Killed Ijyb
  3984 | D:3      | Reached XP level 6. HP: 32/32 MP: 7/10
  4217 | D:3      | Reached skill level 5 in Fire Magic
  4980 | D:4      | Reached skill level 1 in Maces & Flails
  4980 | D:4      | Reached XP level 7. HP: 36/36 MP: 7/12
  6177 | D:4      | Learned a level 5 spell: Fireball
  6208 | D:5      | Entered Level 5 of the Dungeon
  6222 | D:4      | Reached XP level 8. HP: 17/41 MP: 14/14
  6420 | D:4      | Reached skill level 5 in Conjurations
  6751 | D:5      | Reached skill level 5 in Spellcasting
  6911 | D:5      | Found Fyriobro's Magic Scroll Shop.
  6947 | D:5      | Bought 2 scrolls of identify for 44 gold pieces
  6947 | D:5      | Bought a scroll of enchant weapon for 82 gold pieces
  6947 | D:5      | Bought 2 scrolls of fog for 44 gold pieces
  7711 | D:6      | Noticed a troll
  7719 | D:6      | Killed a troll
  7727 | D:6      | Reached XP level 9. HP: 46/46 MP: 14/18
  8156 | D:6      | Upgraded the game from 0.27-a0-1188-g73eefd5def to
                  | 0.27-a0-1189-gb8eb6cee8e
  8790 | D:7      | Found a staircase to the Ecumenical Temple.
  8853 | Temple   | Entered the Ecumenical Temple
  8975 | Temple   | Became a worshipper of Vehumet
  9229 | D:7      | Reached skill level 1 in Fighting
  9497 | D:8      | Found a broken altar of Ashenzari.
  9972 | D:8      | Found an ornate altar of the Wu Jian Council.
  9973 | D:8      | Found a hide-covered altar of Uskayaw.
 10260 | D:8      | Reached XP level 10. HP: 31/52 MP: 21/21
 10485 | D:8      | Noticed a two-headed ogre
 10598 | D:8      | Found a transporter.
 10601 | D:8      | Found a transporter.
 11846 | D:9      | Noticed a two-headed ogre
 11861 | D:9      | Killed a two-headed ogre
 11925 | D:9      | Reached * piety under Vehumet
 11925 | D:9      | Offered knowledge of Magic Dart by Vehumet.
 12257 | D:9      | Found a shimmering altar of Xom.
 12263 | D:9      | Learned a level 1 spell: Magic Dart
 12277 | D:10     | Entered Level 10 of the Dungeon
 12567 | D:10     | Reached XP level 11. HP: 52/58 MP: 23/23
 12987 | D:9      | Offered knowledge of Static Discharge by Vehumet.
 13056 | D:10     | Reached ** piety under Vehumet
 13154 | D:10     | Found a staircase to the Orcish Mines.
 14195 | D:11     | Noticed a green ugly thing
 14205 | D:11     | Killed a green ugly thing
 14447 | D:11     | Reached skill level 10 in Fire Magic
 14851 | D:11     | Found a staircase to the Lair.
 15267 | D:12     | Noticed a boulder beetle
 15281 | D:11     | Reached skill level 10 in Conjurations
 15541 | D:11     | Killed a boulder beetle
 15772 | D:12     | Noticed a boulder beetle
 15772 | D:12     | Noticed an eight-headed hydra
 15790 | D:12     | Killed an eight-headed hydra
 15791 | D:12     | Reached skill level 10 in Spellcasting
 16110 | D:12     | HP: 1/60 [boulder beetle (19)]
 16115 | D:12     | Killed a boulder beetle
 16527 | D:12     | Noticed a cyclops
 16542 | D:12     | Reached XP level 12. HP: 25/64 MP: 24/26
 17224 | D:13     | Noticed a death knight
 17708 | Lair:1   | Entered Level 1 of the Lair of Beasts
 17785 | Lair:1   | Noticed a seven-headed hydra
 17796 | Lair:1   | Killed a seven-headed hydra
 17966 | Lair:1   | Offered knowledge of Mephitic Cloud by Vehumet.
 18246 | Lair:1   | Noticed a seven-headed hydra
 18256 | Lair:1   | Killed a seven-headed hydra
 18257 | Lair:1   | Reached skill level 1 in Armour
 18410 | Lair:1   | Reached *** piety under Vehumet
 18505 | Lair:1   | Identified the +4 war axe of Ash {vorpal, Drain rN+ Int+3}
 18534 | Lair:1   | Noticed a seven-headed hydra
 18539 | Lair:1   | Killed a seven-headed hydra
 18805 | Lair:1   | Found a blossoming altar of Fedhas.
 19207 | Lair:2   | Learned a level 3 spell: Mephitic Cloud
 19229 | Lair:2   | Found a staircase to the Swamp.
 19360 | Lair:2   | Noticed a catoblepas
 19372 | Lair:2   | Killed a catoblepas
 19535 | Lair:2   | Noticed a seven-headed hydra
 19541 | Lair:2   | Killed a seven-headed hydra
 19542 | Lair:2   | Reached XP level 13. HP: 70/70 MP: 14/28
 19559 | Lair:2   | Offered knowledge of Airstrike by Vehumet.
 20428 | Lair:3   | Found a hole to the Spider Nest.
 20522 | Lair:3   | Reached skill level 5 in Maces & Flails
 20629 | Lair:3   | Reached **** piety under Vehumet
 20676 | Lair:3   | Offered knowledge of Lee's Rapid Deconstruction by Vehumet.
 20683 | Lair:3   | Learned a level 5 spell: Lee's Rapid Deconstruction
 20784 | Lair:3   | Noticed Snorg
 20847 | Lair:3   | Killed Snorg
 20848 | Lair:3   | Reached skill level 1 in Earth Magic
 21879 | Lair:4   | Found the ring of Shadows {Umbra +Inv Stlth+}
 22108 | Lair:4   | Found a transporter.
 22110 | Lair:4   | Noticed Womee's ghost (journeyman FeBe)
 22112 | Lair:4   | Found a transporter.
 22656 | Lair:4   | HP: 2/71 [four-headed hydra (5)]
 22656 | Lair:4   | Slain by a swamp dragon

Illustrated notes

Levels and vault maps discovered:
D:1:      psy_arrival_dodecagon, layout_loops_corners,
          ebering_ecumenical_altar_webs
D:2:      layout_basic
D:3:      kennysheep_goblin_castle, layout_basic, okawaru_trees_2,
          amcnicky_altar_gilded, guppyfry_early_lair_pool, uniq_terence
D:4:      layout_gridville
D:5:      layout_cave_pools, serial_shops, nicolae_shop_waterfront,
          serial_bayou, serial_bayou_pond_c, serial_bayou_pond_a,
          serial_bayou_pond_d, serial_bayou_pond_a, serial_bayou_pond_c
D:6:      layout_basic
D:7:      layout_cave_pools, minmay_temple_entry_antechambers
D:8:      gammafunk_beogh_shrine, layout_basic, gammafunk_temple_overflow_pools,
          nicolae_ashenzari_panopticon, minmay_misc_feat_room
D:9:      layout_roguey, marbit_many_paths
D:10:     layout_rooms, orc_0_dummy, centaur_isle
D:11:     layout_stronghold, david_lair_generic
D:12:     layout_cave_pools
D:13:     layout_gridville, billiards_dpeg, uniq_urug
Temple:   eino_temple_scatter_basement
Lair:1:   layout_regular_city, tgw_fedhas, grunt_megastairs_3,
          serial_bayou_shore_a, lemuel_fruit_fields, lemuel_fruit_tree
Lair:2:   layout_gridlike, minmay_swamp_entry_eels, grunt_megastairs_4
Lair:3:   layout_gridlike, spider_nest_entry_webs, minivault_11, uniq_snorg
Lair:4:   onia_ninara_swampy_vault, layout_gridlike, gammafunk_ghost_arena

Skill      XL: |  1  2  3  4  5  6  7  8  9 10 11 12 13 |
---------------+----------------------------------------+-----
Conjurations   | 2 3 4 6 7 9 10 11 12 | 12.2
Fire Magic     | 4 5 6 8 9 10 11 12 | 12.2
Spellcasting   | 3 4 6 7 8 10 11 12 | 12.0
Maces & Flails | 1 2 3 4 5 |  5.5
Dodging        | 2 3 4 |  4.7
Fighting       | 1 2 3 4 |  4.3
Armour         | 2 3 |  3.5
Earth Magic    | 3 |  3.1
Stealth        | |  2.1
Unarmed Combat | |  0.2
Poison Magic   | |  0.5

Action                   |  1- 3 |  4- 6 |  7- 9 | 10-12 | 13-15 || total
-------------------------+-------+-------+-------+-------+-------++-------
Melee: Unarmed           |     1 |       |       |       |       ||     1
       Whip              |       |    35 |     1 |       |       ||    36
       Club              |       |     2 |       |       |       ||     2
       Flail             |       |       |    24 |       |       ||    24
       Mace              |       |       |     2 |   146 |   107 ||   255
 Cast: Foxfire           |    87 |   115 |   284 |   357 |   184 ||  1027
       Conjure Flame     |       |     1 |     6 |     7 |       ||    14
       Sticky Flame      |       |       |     2 |    71 |    41 ||   114
       Fireball          |       |       |     1 |    30 |     7 ||    38
       Mephitic Cloud    |       |       |       |       |     4 ||     4
       Magic Dart        |       |       |       |       |     1 ||     1
Evoke: Wand              |       |     3 |       |       |       ||     3
  Use: Scroll            |     1 |     4 |     7 |     9 |     2 ||    23
       Potion            |       |       |       |     4 |       ||     4
 Stab: Sleeping          |       |     1 |       |       |       ||     1
Armor: Robe              |     2 |    15 |    22 |   110 |       ||   149
       Troll leather arm |       |       |       |    21 |    81 ||   102
Dodge: Dodged            |     5 |    56 |    68 |   273 |   150 ||   552

Table legend: (Time is in decaauts)
 A = Elapsed time spent in this place.
 B = Non-inter-level travel time spent in this place.
 C = Inter-level travel time spent in this place.
 D = Time resting spent in this place.
 E = Time spent auto-exploring this place.
 F = Levels seen in this place.
 G = Mean time per level.
                   A        B        C        D        E       F      G
               +--------+--------+--------+--------+--------+-----+--------+
         Total |  22747 |  22132 |    615 |    825 |  17978 |  18 | 1263.7 |
       Dungeon |  17614 |  17112 |    502 |    772 |  13924 |  13 | 1354.9 |
        Temple |    222 |    199 |     23 |      0 |    188 |   1 |  222.0 |
          Lair |   4910 |   4821 |     89 |     53 |   3866 |   4 | 1227.5 |
               +--------+--------+--------+--------+--------+-----+--------+

Top non-repeatable levels by time:
    D:11: 2680 daAuts
     D:8: 2014 daAuts
     D:3: 1967 daAuts
     D:4: 1802 daAuts
    D:12: 1491 daAuts
  Lair:3: 1488 daAuts
  Lair:1: 1434 daAuts
     D:1: 1401 daAuts
     D:2: 1368 daAuts
     D:9: 1324 daAuts
     D:6: 1254 daAuts
  Lair:2: 1204 daAuts
     D:7: 854 daAuts
    D:10: 806 daAuts
  Lair:4: 783 daAuts
